 Dungeon Crawl Stone Soup version 0.31-a0-115-g4708a659fe (webtiles) character file.

Game seed: 8376030457885685155

109 Jeffwins the Shooter (level 4, -2/22 HPs)
             Began as a Vine Stalker Wanderer on May 29, 2023.
             Killed by divine providence
             ... invoked by an orc priest
              (7 damage)
             ... on level 4 of the Dungeon.
             The game lasted 00:04:39 (2361 turns).

Jeffwins the Shooter (Vine Stalker Wanderer)        Turns: 2361, Time: 00:04:40

Health: -2/22      AC:  6    Str: 11    XL:     4   Next: 90%
Magic:  0/7        EV: 12    Int: 16    God:
Gold:   139        SH:  0    Dex: 15    Spells: 5/6 levels left

rFire   . . .        a - +0 shortbow
rCold   . . .        (shield currently unavailable)
rNeg    . . .        d - +0 robe
rPois   .            p - +0 helmet
rElec   .            c - +1 cloak
rCorr   .            (no gloves)
SInv    .            b - +0 pair of boots
Will    .....        (no amulet)
Stlth   ++           (no ring)
HPRegen 1.03/turn    (no ring)
MPRegen 0.10/turn

%: guardian spirit
@: no status effects
A: fangs 2, regeneration 1, magic shield, antimagic bite, no potion heal 2
a: no special abilities


You were on level 4 of the Dungeon.
You visited 1 branch of the dungeon, and saw 4 of its levels.

You collected 139 gold pieces.


Innate Abilities, Weirdness & Mutations

You have extremely sharp teeth.
Your natural rate of healing is unusually fast.
When hurt, damage is shared between your health and your magic reserves.
Your bite disrupts and absorbs the magic of your enemies.
Potions cannot restore your health.


   Skills:
 + Level 1.2 Fighting
 * Level 4.2 Ranged Weapons
 - Level 1.0 Throwing
 - Level 1.0 Armour
 - Level 1.5 Dodging
 + Level 1.9 Stealth
 + Level 1.8 Spellcasting
 * Level 2.4 Earth Magic


You had 5 spell levels left.
You knew the following spells:

 Your Spells              Type           Power      Damage    Failure   Level
z - Sandblast             Erth           18%        2d7       8%          1

Your spell library contained the following spells:

 Spells                   Type           Power      Damage    Failure   Level
 Stone Arrow              Conj/Erth      10%        3d7       36%         3
 Volatile Blastmotes      Fire/Tloc      2%         2d10      54%         3
 Fulminant Prism          Conj/Hex       0%         3d5       91%         4
 Iskenderun's Mystic Bla  Conj/Tloc      1%         2d3       91%         4
 Lee's Rapid Deconstruct  Erth           4%         3d5*      91%         5

Inventory:

Hand Weapons
 a - a +0 shortbow (weapon)
Missiles
 o - 12 poisoned darts
Armour
 b - a +0 pair of boots (worn)
 c - a +1 cloak (worn)
 d - a +0 robe (worn)
 p - a +0 helmet (worn)
Scrolls
 f - a scroll of enchant armour {unknown}
 g - 3 scrolls of identify {unknown}
 i - a scroll of magic mapping {unknown}
 j - 3 scrolls of teleportation {unknown}
 k - 3 scrolls of immolation {unknown}
 l - a scroll of noise {unknown}
 m - a scroll of poison {unknown}
 q - a scroll of vulnerability {unknown}
Potions
 e - a potion of heal wounds {unknown}
 h - a potion of degeneration {unknown}
 n - 2 potions of curing {@q1}

Dungeon Overview and Level Annotations

Branches:
Dungeon (4/15)
 Temple: D:4-7

Altars:

Shops:
D:4 *

Annotations:
D:4 Grinder

# ..... #. ...#
##.##..#
##...#..# ## #.
#.......###.#...
##......)........
#................
#g.....oo........
...
........@........
...
........>........
...
.................
...
.................
...
#.#..#...........
..$ #
#..##........##
... #. ....#....#
## ....##...#


You could see an orc priest, a gnoll and an orc.


Message History

You shoot an arrow.
The arrow completely misses the orc priest.
The orc priest looks satisfied for a moment.
You shoot an arrow.
The arrow closely misses the orc priest.
You shoot an arrow. The orc shouts!
The arrow hits the orc priest!
The orc priest is severely wounded.
You hear a shout!
The orc priest hits you with a +0 short sword. x2
You shoot an arrow. The arrow barely misses the orc priest.
The orc priest calls down the wrath of Beogh upon you.
Beogh smites you!
* * * LOW HITPOINT WARNING * * *
You are too injured to fight recklessly!
Unknown command.
You shoot an arrow. The arrow hits the orc priest.
The orc priest is severely wounded.
The orc priest calls down the wrath of Beogh upon you.
Beogh smites you!
* * * LOW HITPOINT WARNING * * *
A gnoll comes into view. It is wielding a +0 spear.
Unknown command.
You shoot an arrow.
The arrow hits the orc priest but does no damage.
The orc priest is severely wounded.
The orc priest mumbles some strange prayers to Beogh against you.
Beogh smites you!
You die...

Skill      XL: |  1  2 |
---------------+-------+-----
Fighting       | 1 |  1.2
Ranged Weapons | 4 |  4.2
Stealth        | 1 |  1.9
Earth Magic    | 2 |  2.4
Throwing       | |  1.0
Armour         | |  1.0
Dodging        | |  1.5
Spellcasting   | |  1.8

Action                     |  1- 3 |  4- 6 || total
---------------------------+-------+-------++-------
  Melee: Unarmed           |     6 |       ||     6
   Fire: Shortbow          |    40 |    58 ||    98
    Use: Scroll            |     1 |       ||     1
         Potion            |       |     1 ||     1
 Armour: Robe              |       |     7 ||     7
  Dodge: Dodged            |     8 |    11 ||    19

Levels and vault maps discovered:
D:1:      minmay_arrival_up_and_down, layout_rooms, basic_ecumenical_altar,
          roderic_lattice_a
D:2:      layout_basic, uniq_crazy_yiuf_cottage
D:3:      layout_loops_ring
D:4:      gammafunk_cloud_chamber, layout_cave_pools, serial_shops,
          nicolae_shop_tiny_waterfront, palyth_stone_intersect, uniq_grinder

Notes
Turn   | Place    | Note
-------+----------+-------------------------------------------
     0 | D:1      | Jeffwins the Vine Stalker Wanderer began the quest for the
                  | Orb.
     0 | D:1      | Jeffwins set off with the following items: a +0 shortbow, a
                  | +0 pair of boots, a scroll of fear, a +0 robe; and the
                  | following spell memorised: Sandblast; and the following
                  | spells available to memorise: Stone Arrow.
     0 | D:1      | Reached XP level 1. HP: 9/9 MP: 3/3
   120 | D:1      | Found a faded altar of an unknown god.
   207 | D:1      | Reached XP level 2. HP: 13/13 MP: 4/4
   879 | D:2      | Found a runed translucent door.
   880 | D:2      | Noticed Crazy Yiuf
  1612 | D:2      | Crazy Yiuf changed into Crazy Yiuf the killer bee
  1612 | D:2      | Noticed Crazy Yiuf
  1617 | D:2      | Killed Crazy Yiuf the killer bee
  1618 | D:2      | Reached skill level 1 in Fighting
  1618 | D:2      | Reached skill level 4 in Ranged Weapons
  1618 | D:2      | Reached skill level 1 in Stealth
  1618 | D:2      | Reached skill level 2 in Earth Magic
  1618 | D:2      | Reached XP level 3. HP: 11/18 MP: 2/6
  1618 | D:2      | Gained mutation: Your natural rate of healing is unusually
                  | fast. [Vine Stalker growth]
  1618 | D:2      | Reached XP level 4. HP: 13/22 MP: 2/7
  2324 | D:4      | Noticed Grinder
  2324 | D:4      | Found Okuvykke's General Store.
  2361 | D:4      | Killed from afar by an orc priest

Vanquished Creatures
  A killer bee (D:2)
  An orc priest (D:4)
  A dart slug (D:3)
  An orc (D:3)
  4 bats (D:3)
  2 endoplasms
  5 goblins
  8 hobgoblins
  3 ball pythons
  A frilled lizard (D:2)
  4 kobolds
  2 rats
33 creatures vanquished.

Table legend: (Time is in decaauts)
 A = Elapsed time spent in this place.
 B = Non-inter-level travel time spent in this place.
 C = Inter-level travel time spent in this place.
 D = Time resting spent in this place.
 E = Time spent auto-exploring this place.
 F = Levels seen in this place.
 G = Mean time per level.
                   A        B        C        D        E       F      G
               +--------+--------+--------+--------+--------+-----+--------+
         Total |   2379 |   2277 |    102 |     25 |   1965 |   4 |  594.8 |
       Dungeon |   2379 |   2277 |    102 |     25 |   1965 |   4 |  594.8 |
               +--------+--------+--------+--------+--------+-----+--------+

Top non-repeatable levels by time:
     D:2: 1267 daAuts
     D:3: 616 daAuts
     D:1: 468 daAuts
     D:4: 27 daAuts

Table legend:
 A = Non-vault XP
 B = Vault XP
 C = Vault XP percentage of total XP
 D = Non-vault monster count
 E = Vault monster count
 F = Vault count percentage of total count
                 A         B        C        D         E       F
            +---------+---------+-------+---------+---------+-------
      Total |      94 |      63 |  40.1 |      32 |       1 |   3.0
            +---------+---------+-------+---------+---------+-------
        D:1 |      14 |       0 |   0.0 |       8 |       0 |   0.0
        D:2 |      10 |      63 |  86.3 |       6 |       1 |  14.3
        D:3 |      29 |       0 |   0.0 |      16 |       0 |   0.0
        D:4 |      41 |       0 |   0.0 |       2 |       0 |   0.0
            +---------+---------+-------+---------+---------+-------
